Get step-by-step instructions on how to execute this build order below. Start the game timer, and the build order will tick by so you can play in parallel with StarCraft on a second screen or mobile device.

Game Time

  0:00

Last Step

  N/A

Next Step

  12  0:00  SCV  

Upcoming Step

  13  0:12  SCV  

Don't want to look back and forth between 2 screens? Try out our Overwolf App, the Spawning Tool Build Advisor to get an in-game overlay with this build!

Complete Build Order

  12  0:00  SCV  
  13  0:12  SCV  
  14  0:17  Supply Depot  
  14  0:24  SCV  
  15  0:29  Refinery  
  15  0:38  SCV  
  16  0:45  Barracks  
  16  0:51  SCV  
  16  0:55  Refinery  
  17  1:03  SCV  
  18  1:15  SCV  
  19  1:35  Orbital Command, Factory  
  19  1:39  Reaper  
  20  1:50  Supply Depot  
  20  2:00  SCV  
  21  2:11  Reaper  
  22  2:19  SCV, Hellion  
  25  2:31  SCV  
  25  2:34  Command Center  
  26  2:43  Hellion  
  26  2:44  Reaper  
  29  2:50  Supply Depot  
  29  2:52  SCV  
  30  2:59  Starport  
  30  3:04  SCV  
  31  3:08  Factory Tech Lab  
  31  3:16  SCV  
  32  3:25  Barracks Tech Lab  
  31  3:31  Siege Tank  
  31  3:34  SCV, Supply Depot  
  35  3:41  Viking  
  35  3:46  Marine  
  35  3:47  SCV  
  39  3:52  Orbital Command  
  39  3:59  SCV  
  40  4:08  Marine  
  40  4:09  Siege Tank  
  42  4:11  SCV  
  37  4:24  SCV  
  32  4:31  SCV  
  32  4:36  SCV  
  32  4:37  Raven  
  35  4:39  Refinery  
  35  4:42  Barracks Reactor  
  35  4:43  SCV  
  36  4:48  SCV  
  36  4:49  Cyclone  
  40  4:55  SCV  
  40  4:59  Engineering Bay  
  41  5:00  SCV  
  42  5:10  SCV  
  42  5:12  SCV  
  41  5:19  Marine x2  
  42  5:22  SCV  
  42  5:24  SCV  
  44  5:31  Raven  
  44  5:32  Siege Tank  
  44  5:34  SCV  
  50  5:36  SCV  
  50  5:37  Missile Turret  
  51  5:43  Missile Turret  
  51  5:46  SCV, Marine  
  51  5:48  SCV  
  54  5:54  Marine  
  55  5:58  SCV  
  55  6:01  SCV  
  57  6:04  Supply Depot  
  57  6:07  Marine  
  57  6:10  SCV  
  59  6:12  Marine  
  56  6:25  Marine  
  54  6:29  Marine  
  51  6:43  Siege Tank  
  55  6:47  SCV x2  
  55  6:50  Command Center  
  56  6:59  SCV x2  
  58  7:03  Refinery, Factory x2  
  58  7:11  SCV x2  
  58  7:13  Viking  
  62  7:16  Viking  
  64  7:23  SCV x2  
  64  7:26  Supply Depot  
  64  7:28  Supply Depot  
  66  7:39  SCV x2  
  68  7:45  Viking  
  68  7:47  Viking  
  68  7:49  Refinery  
  72  7:52  Refinery  
  72  7:55  SCV x2  
  72  7:57  Supply Depot, Factory Reactor  
  74  8:00  Siege Tank  
  74  8:01  Siege Tank  
  74  8:04  Orbital Command  
  80  8:07  SCV x2  
  80  8:12  Armory  
  82  8:15  Armory  
  82  8:19  SCV x2  
  83  8:20  Viking  
  85  8:30  Viking  
  85  8:31  SCV  
  85  8:32  SCV x2  
  89  8:36  Missile Turret  
  89  8:40  Supply Depot  
  89  8:41  Supply Depot  
  89  8:43  SCV, Siege Tank  
  89  8:47  Siege Tank  
  96  8:48  SCV x2  
  98  8:56  SCV, Sensor Tower  
  98  9:00  SCV  
  100  9:02  Missile Turret  
  100  9:08  Viking, Hellion x2  
  106  9:10  Viking  
  106  9:11  SCV  
  109  9:18  Supply Depot  
  109  9:19  Terran Vehicle Weapons Level 1, Terran Vehicle And Ship Armor Level 1  
  109  9:23  Supply Depot  
  109  9:24  SCV  
  110  9:25  SCV x2, Missile Turret  
  112  9:31  Siege Tank x2  
  118  9:40  SCV x2  
  118  9:41  SCV  
  121  9:50  Command Center, Factory  
  121  9:54  Factory  
  121  9:56  Infernal Pre-Igniter  
  121  9:58  Hellion x2  
  125  10:02  Supply Depot  
  125  10:03  Supply Depot  
  125  10:04  Siege Tank  
  128  10:09  Siege Tank  
  128  10:11  Medivac x2  
  135  10:15  SCV x2  
  135  10:19  Supply Depot  
  135  10:20  Supply Depot  
  135  10:21  Supply Depot  
  137  10:26  Hellion x2  
  140  10:29  Supply Depot  
  140  10:31  Supply Depot  
  140  10:39  Factory Tech Lab  
  140  10:40  Factory Reactor, Sensor Tower  
  140  10:43  Viking, Siege Tank x2  
  140  10:46  Viking  
  150  11:07  Hellion, Siege Tank  
  150  11:08  Hellion, Mag-Field Accelerator  
  157  11:15  Starport, Siege Tank  
  157  11:16  Starport  
  160  11:28  Viking  
  160  11:29  Viking  
  170  11:34  Terran Vehicle Weapons Level 2  
  156  12:01  Starport Reactor  
  156  12:02  Starport Reactor  
  156  12:08  Planetary Fortress  
  152  12:10  SCV x2  
  152  12:12  Viking x2, Thor  
  152  12:13  Thor  
  152  12:14  Refinery  
  170  12:16  Refinery  
  170  12:19  Terran Vehicle And Ship Armor Level 2  
  170  12:22  Missile Turret  
  170  12:25  Missile Turret  
  170  12:27  Missile Turret  
  170  12:28  Missile Turret  
  170  12:30  Missile Turret  
  170  12:34  SCV x3  
  170  12:35  Smart Servos  
  173  12:38  Viking x2  
  173  12:41  Command Center  
  177  12:46  SCV  
  178  12:53  Missile Turret  
  178  12:55  Fusion Core  
  174  13:01  Starport  
  172  13:09  Viking x4  
  172  13:10  Viking x2  
  184  13:27  Thor x2  
  184  13:39  Viking x3  
  151  13:48  Viking  
  151  13:51  Viking x2  
  140  13:55  Orbital Command  
  140  13:57  Hellion x3  
  128  14:02  Siege Tank  
  128  14:03  Hellion  
  128  14:09  Viking x2  
  127  14:10  Hellion  
  127  14:13  Siege Tank  
  127  14:14  Viking  
  125  14:18  Viking